3R
REDWOOD RHINOS @ HICKSVILLE HOUNDS
08/29/2037
 
TOP OF THE 1ST
Redwood Rhinos batting - Pitching for Hicksville Hounds : RHP José Reyes
Pitching: RHP José Reyes
Batting: RHB Salvador Aquino 0-0: Foul Ball, location: 2F
0-1: Ball
1-1: Ball
2-1: Foul Ball, location: 2F
2-2: Ball
3-2: Base on Balls
Batting: LHB Gabriel Anaya Balk!
Salvador Aquino to second
0-0: Ground out 4-3 (Groundball, 34, EV 105.6 MPH)
Salvador Aquino to third
Batting: RHB Joe Hensball 0-0: Called Strike
0-1: Ball
1-1: Ball
Wild Pitch!
Salvador Aquino scores
2-1: DOUBLE (Line Drive, 78D, EV 111.2 MPH)
Batting: LHB Darryl Harris 0-0: Ball
1-0: Ball
2-0: Called Strike
2-1: Ball
3-1: Base on Balls
Batting: RHB Manuel Manríques 0-0: Swinging Strike
0-1: Swinging Strike
0-2: Strikes out swinging
Batting: RHB Luis Ávila 0-0: Fly out, F9 (Flyball, 89M, EV 93.8 MPH)
Top of the 1st over - 1 run, 1 hit, 0 errors, 2 left on base; Redwood 1 - Hicksville 0
BOTTOM OF THE 1ST
Hicksville Hounds batting - Pitching for Redwood Rhinos : RHP Ignacio Manzanedo
Pitching: RHP Ignacio Manzanedo
Batting: RHB Adam Black 0-0: Ball
1-0: Called Strike
1-1: Ball
2-1: Foul Ball, location: 2F
2-2: Ball
3-2: Ground out 1-3 (Groundball, 13S, EV 61.9 MPH)
Batting: LHB Robbie Care 0-0: Ball
1-0: Fly out, F8 (Flyball, 8RD, EV 93.8 MPH)
Batting: SHB Paul Wood 0-0: Called Strike
0-1: Foul Ball, location: 2F
0-2: Ball
1-2: Ball
2-2: Ball
3-2: SOLO HOME RUN (Flyball, 89XD, EV 97.5 MPH), Distance : 394 ft
Batting: RHB Luther H. Greene 0-0: Foul Ball, location: 2F
0-1: Foul Ball, location: 2F
0-2: Strikes out swinging
Bottom of the 1st over - 1 run, 1 hit, 0 errors, 0 left on base; Redwood 1 - Hicksville 1
TOP OF THE 2ND
Redwood Rhinos batting - Pitching for Hicksville Hounds : RHP José Reyes
Batting: LHB Jorge Mejía 0-0: Called Strike
0-1: Ball
1-1: Bunt missed!
1-2: Ball
2-2: Foul Ball, location: 2F
2-2: Foul Ball, location: 2F
2-2: Foul Ball, location: 2F
2-2: Ball
3-2: Base on Balls
Batting: RHB Richard Armitage 0-0: Fielders Choice at 2nd, 4-6 (Groundball, 4, EV 88.8 MPH)
Batting: RHB Thomas Banham 0-0: Called Strike
0-1: Swinging Strike
0-2: Ball
1-2: Ball
2-2: Ball
3-2: Ground out U3 (Groundball, 34, EV 92.5 MPH)
Richard Armitage to second
Batting: RHB Salvador Aquino 0-0: Ball
1-0: Foul Ball, location: 2F
1-1: Ball
2-1: Foul Ball, location: 2F
2-2: Foul Ball, location: 2F
2-2: Ground out 4-3 (Groundball, 4, EV 83.8 MPH)
Top of the 2nd over - 0 runs, 0 hits, 0 errors, 1 left on base; Redwood 1 - Hicksville 1
BOTTOM OF THE 2ND
Hicksville Hounds batting - Pitching for Redwood Rhinos : RHP Ignacio Manzanedo
Batting: RHB Aloysius Szymanski 0-0: Called Strike
0-1: Ball
1-1: Ball
2-1: Ball
3-1: Reached on error, E8 (Line Drive, 8RM, EV 91.2 MPH)
Batting: LHB Trent Armstrong 0-0: Fielders Choice at 2nd, 1-6 (Groundball, 34S, EV 67.5 MPH)
Batting: SHB Juan Alonso 0-0: Called Strike
0-1: Ball
1-1: Ball
2-1: Foul Ball, location: 2F
2-2: Fielders Choice at 2nd, 4-6 (Groundball, 4M, EV 91.9 MPH)
Batting: RHB Rafael Briones 0-0: Ground out 5-3 (Groundball, 56S, EV 71.9 MPH)
Bottom of the 2nd over - 0 runs, 0 hits, 1 error, 1 left on base; Redwood 1 - Hicksville 1
TOP OF THE 3RD
Redwood Rhinos batting - Pitching for Hicksville Hounds : RHP José Reyes
Batting: LHB Gabriel Anaya 0-0: DOUBLE (Flyball, 8RXD, EV 112.5 MPH)
Batting: RHB Joe Hensball 0-0: Called Strike
0-1: Swinging Strike
0-2: Ball
1-2: Foul Ball, location: 2F
1-2: Ball
2-2: Ball
3-2: Base on Balls
Batting: LHB Darryl Harris 0-0: Called Strike
0-1: Called Strike
0-2: Strikes out swinging
Batting: RHB Manuel Manríques 0-0: Called Strike
0-1: Called Strike
0-2: Ball
1-2: Foul Ball, location: 2F
1-2: Ball
2-2: Strikes out looking
Batting: RHB Luis Ávila 0-0: Ball
1-0: Reached on error, E5 (Line Drive, 5, EV 63.8 MPH)
Gabriel Anaya to third
Joe Hensball to second
Batting: LHB Jorge Mejía 0-0: Ball
1-0: Called Strike
1-1: SINGLE (Line Drive, 6MD, EV 105.0 MPH)
Gabriel Anaya scores
Joe Hensball to third
Luis Ávila to second
Runner from 3rd tries for Home, SAFE, no throw by CF
Batting: RHB Richard Armitage 0-0: Ground out 4-3 (Groundball, 34, EV 104.4 MPH)
Top of the 3rd over - 2 runs, 2 hits, 1 error, 2 left on base; Redwood 3 - Hicksville 1
BOTTOM OF THE 3RD
Hicksville Hounds batting - Pitching for Redwood Rhinos : RHP Ignacio Manzanedo
Batting: RHB Bob Sims 0-0: Ball
1-0: Ball
2-0: Ball
3-0: Base on Balls
Batting: RHB Adam Black 0-0: Fielders Choice at 2nd, 5-4 (Groundball, 5, EV 83.1 MPH)
Batting: LHB Robbie Care 0-0: Ball
1-0: Called Strike
1-1: Grounds into double play, 4-6-3 (Groundball, 34, EV 84.4 MPH)
Bottom of the 3rd over - 0 runs, 0 hits, 0 errors, 0 left on base; Redwood 3 - Hicksville 1
TOP OF THE 4TH
Redwood Rhinos batting - Pitching for Hicksville Hounds : RHP José Reyes
Batting: RHB Thomas Banham 0-0: Called Strike
0-1: Ground out 5-3 (Groundball, 56, EV 81.9 MPH)
Batting: RHB Salvador Aquino 0-0: SINGLE (Groundball, 6MD, EV 96.9 MPH)
Batting: LHB Gabriel Anaya 0-0: Ball
1-0: Called Strike
1-1: Called Strike
1-2: Ball
2-2: Fly out, F6 (Popup, 56, EV 54.4 MPH)
Batting: RHB Joe Hensball 0-0: Called Strike
0-1: Ball
Wild Pitch!
Salvador Aquino to second
1-1: Foul Ball, location: 2F
1-2: Ball
2-2: Ground out 5-3 (Groundball, 5L, EV 86.2 MPH)
Top of the 4th over - 0 runs, 1 hit, 0 errors, 1 left on base; Redwood 3 - Hicksville 1
BOTTOM OF THE 4TH
Hicksville Hounds batting - Pitching for Redwood Rhinos : RHP Ignacio Manzanedo
Batting: SHB Paul Wood 0-0: Foul Ball, location: 2F
0-1: Fly out, F4 (Line Drive, 4, EV 66.2 MPH)
Batting: RHB Luther H. Greene 0-0: Foul Ball, location: 2F
0-1: Swinging Strike
0-2: Ball
1-2: Ball
2-2: Strikes out swinging
Batting: RHB Aloysius Szymanski 0-0: Called Strike
0-1: Fly out, F3 (Popup, 3F, EV 81.9 MPH)
Bottom of the 4th over - 0 runs, 0 hits, 0 errors, 0 left on base; Redwood 3 - Hicksville 1
TOP OF THE 5TH
Redwood Rhinos batting - Pitching for Hicksville Hounds : RHP José Reyes
Batting: LHB Darryl Harris 0-0: Called Strike
0-1: Ball
1-1: SINGLE (Line Drive, 78S, EV 98.8 MPH)
Batting: RHB Manuel Manríques 0-0: Ball
1-0: Ball
2-0: Called Strike
2-1: Foul Ball, location: 2F
2-2: SINGLE (Flyball, 89M, EV 91.9 MPH)
Darryl Harris to second
Batting: RHB Luis Ávila 0-0: Bunt missed!
0-1: Bunted foul
0-2: Ball
1-2: SINGLE (Line Drive, 5D, EV 105.6 MPH)
Darryl Harris to third
Manuel Manríques to second
Runner from 3rd tries for Home, SAFE, throw by LF to home
Batting: LHB Jorge Mejía 0-0: Sac Bunt to 15S - play at third, runner OUT! 1-6
Luis Ávila to second
Batting: RHB Richard Armitage 0-0: Ball
1-0: Ball
2-0: Fly out, F6 (Popup, 56, EV 55.0 MPH)
Batting: RHB Thomas Banham 0-0: Foul Ball, location: 2F
0-1: Ball
1-1: Fly out, F6 (Line Drive, 6, EV 68.1 MPH)
Top of the 5th over - 1 run, 3 hits, 0 errors, 2 left on base; Redwood 4 - Hicksville 1
BOTTOM OF THE 5TH
Hicksville Hounds batting - Pitching for Redwood Rhinos : RHP Ignacio Manzanedo
Batting: LHB Trent Armstrong 0-0: Ball
1-0: Swinging Strike
1-1: Ball
2-1: Ball
3-1: Swinging Strike
3-2: Fly out, F9 (Flyball, 9D, EV 97.5 MPH)
Batting: SHB Juan Alonso 0-0: Ball
1-0: SINGLE (Groundball, 3D, EV 105.0 MPH)
Batting: RHB Rafael Briones 0-0: Ball
1-0: Ball
2-0: Called Strike
2-1: Ball
3-1: Called Strike
3-2: Strikes out swinging
Juan Alonso is caught stealing 2nd base 2-4
Batter strikes out.
Bottom of the 5th over - 0 runs, 1 hit, 0 errors, 0 left on base; Redwood 4 - Hicksville 1
TOP OF THE 6TH
Redwood Rhinos batting - Pitching for Hicksville Hounds : RHP José Reyes
Batting: RHB Salvador Aquino 0-0: Called Strike
0-1: Ball
1-1: Called Strike
1-2: Hit by Pitch
Batting: LHB Gabriel Anaya 0-0: Sac Bunt to 2L - play at first, batter OUT! 2-3
Salvador Aquino to second
Batting: RHB Joe Hensball 0-0: Called Strike
0-1: Ball
1-1: Ball
2-1: Foul Ball, location: 2F
2-2: Strikes out looking
Pitching: RHP Don Murray
Batting: LHB Darryl Harris 0-0: Ball
1-0: Called Strike
1-1: Ball
2-1: Ball
3-1: Swinging Strike
3-2: Fly out, F7 (Flyball, 78M, EV 88.8 MPH)
Top of the 6th over - 0 runs, 0 hits, 0 errors, 1 left on base; Redwood 4 - Hicksville 1
BOTTOM OF THE 6TH
Hicksville Hounds batting - Pitching for Redwood Rhinos : RHP Ignacio Manzanedo
Batting: RHB Bob Sims 0-0: Ball
1-0: Ball
2-0: Called Strike
2-1: Fly out, F8 (Line Drive, 8LD, EV 107.5 MPH)
Batting: RHB Adam Black 0-0: Ball
1-0: Fly out, F7 (Flyball, 7S, EV 91.9 MPH)
Batting: LHB Robbie Care 0-0: Ball
1-0: Called Strike
1-1: Swinging Strike
1-2: Strikes out looking
Bottom of the 6th over - 0 runs, 0 hits, 0 errors, 0 left on base; Redwood 4 - Hicksville 1
TOP OF THE 7TH
Redwood Rhinos batting - Pitching for Hicksville Hounds : RHP Don Murray
Batting: RHB Manuel Manríques 0-0: Ground out 5-3 (Groundball, 5S, EV 80.0 MPH)
Batting: RHB Luis Ávila 0-0: Called Strike
0-1: Ball
1-1: Foul Ball, location: 2F
1-2: Ball
2-2: Ball
3-2: Foul Ball, location: 2F
3-2: Foul Ball, location: 2F
3-2: Foul Ball, location: 2F
3-2: Fly out, F7 (Flyball, 7S, EV 92.5 MPH)
Batting: LHB Jorge Mejía 0-0: Fly out, F8 (Flyball, 8LM, EV 86.2 MPH)
Top of the 7th over - 0 runs, 0 hits, 0 errors, 0 left on base; Redwood 4 - Hicksville 1
BOTTOM OF THE 7TH
Hicksville Hounds batting - Pitching for Redwood Rhinos : RHP Ignacio Manzanedo
Batting: SHB Paul Wood 0-0: Ball
1-0: Ball
2-0: Ball
3-0: Called Strike
3-1: Ground out 6-3 (Groundball, 6, EV 103.8 MPH)
Batting: RHB Luther H. Greene 0-0: Ball
1-0: Ball
2-0: Fly out, F8 (Flyball, 89D, EV 87.5 MPH)
Batting: RHB Aloysius Szymanski 0-0: Ball
1-0: Ball
2-0: Ball
3-0: Called Strike
3-1: Base on Balls
Batting: LHB Trent Armstrong 0-0: Called Strike
0-1: Called Strike
0-2: Ball
1-2: Ball
2-2: Ball
3-2: Foul Ball, location: 2F
3-2: Foul Ball, location: 2F
3-2: Ground out U3 (Groundball, 3L, EV 104.4 MPH)
Bottom of the 7th over - 0 runs, 0 hits, 0 errors, 1 left on base; Redwood 4 - Hicksville 1
TOP OF THE 8TH
Redwood Rhinos batting - Pitching for Hicksville Hounds : RHP Don Murray
Batting: RHB Richard Armitage 0-0: Ball
1-0: SINGLE (Line Drive, 3D, EV 102.5 MPH)
Batting: RHB Thomas Banham 0-0: Sac Bunt to 2L - play at first, batter safe!
Richard Armitage to second
Batting: RHB Salvador Aquino 0-0: Bunted foul
0-1: Bunted foul
0-2: Ball
1-2: Foul Ball, location: 2F
1-2: Ball
2-2: Ball
3-2: Foul Ball, location: 2F
3-2: Base on Balls
Richard Armitage to third
Thomas Banham to second
Batting: LHB Gabriel Anaya 0-0: Ball
1-0: Grounds into double play, 1-2-3 (Groundball, 13, EV 78.1 MPH)
Thomas Banham to third
Salvador Aquino to second
Batting: RHB Joe Hensball 0-0: Called Strike
0-1: Swinging Strike
0-2: Foul Ball, location: 2F
0-2: Ball
1-2: Strikes out swinging
Top of the 8th over - 0 runs, 2 hits, 0 errors, 2 left on base; Redwood 4 - Hicksville 1
BOTTOM OF THE 8TH
Hicksville Hounds batting - Pitching for Redwood Rhinos : RHP Ignacio Manzanedo
Batting: SHB Juan Alonso 0-0: Swinging Strike
0-1: Ground out 3-1 (Groundball, 34, EV 106.9 MPH)
Batting: RHB Rafael Briones 0-0: Called Strike
0-1: Reached on error, E1 (Groundball, 34S, EV 91.2 MPH)
Batting: RHB Bob Sims 0-0: Ball
1-0: Swinging Strike
1-1: Ground out 6-3 (Groundball, 6, EV 104.4 MPH)
Batting: RHB Adam Black 0-0: Foul Ball, location: 2F
0-1: Called Strike
0-2: Ball
1-2: Strikes out looking
Bottom of the 8th over - 0 runs, 0 hits, 1 error, 1 left on base; Redwood 4 - Hicksville 1
TOP OF THE 9TH
Redwood Rhinos batting - Pitching for Hicksville Hounds : RHP Don Murray
Pitching: RHP Glenn van der Kuijl
Batting: LHB Darryl Harris 0-0: Ball
1-0: Ball
2-0: Ball
3-0: Called Strike
3-1: Foul Ball, location: 2F
3-2: Strikes out swinging
Batting: RHB Manuel Manríques 0-0: SINGLE (Groundball, 6MD, EV 111.2 MPH)
Batting: RHB Luis Ávila 0-0: Called Strike
0-1: Foul Ball, location: 2F
0-2: SINGLE (Groundball, 6D, EV 98.8 MPH)
Manuel Manríques to second
Batting: LHB Jorge Mejía 0-0: Ball
1-0: Fly out, F7 (Line Drive, 7, EV 84.4 MPH)
Batting: RHB Richard Armitage 0-0: Ball
1-0: Ground out 4-3 (Groundball, 4S, EV 85.6 MPH)
Top of the 9th over - 0 runs, 2 hits, 0 errors, 2 left on base; Redwood 4 - Hicksville 1
BOTTOM OF THE 9TH
Hicksville Hounds batting - Pitching for Redwood Rhinos : RHP Ignacio Manzanedo
Pitching: RHP Jo-hsi Ru
Now at 1B: Wayne Noble
Batting: LHB Robbie Care 0-0: Ball
1-0: Ball
2-0: Called Strike
2-1: SINGLE (Flyball, 9LM, EV 83.1 MPH)
Batting: SHB Paul Wood 0-0: Foul Ball, location: 2F
0-1: Ball
1-1: Ball
2-1: Foul Ball, location: 2F
2-2: Ball
3-2: Foul Ball, location: 2F
3-2: Foul Ball, location: 2F
3-2: Base on Balls
Robbie Care to second
Batting: RHB Luther H. Greene 0-0: Called Strike
0-1: Grounds into double play, 6-4-3 (Groundball, 6M, EV 80.6 MPH)
Robbie Care to third
Batting: RHB Aloysius Szymanski 0-0: Called Strike
0-1: Swinging Strike
0-2: Ball
1-2: Foul Ball, location: 2F
1-2: Strikes out looking
Bottom of the 9th over - 0 runs, 1 hit, 0 errors, 1 left on base; Redwood 4 - Hicksville 1
Thursday, January 23rd, 2020 - OOTP Baseball 20.8 Build 74